 Dungeon Crawl Stone Soup version 0.23-a0-644-gb60d84b (webtiles) character file.

8581 GroovyGamera the Fighter (level 11, -1/74 HPs)
             Began as a Gargoyle Fighter on Jan 1, 2019.
             Was a Believer of Makhleb.
             Slain by a very large slime creature (45 damage)
             ... on level 10 of the Dungeon.
             The game lasted 00:24:21 (8469 turns).

GroovyGamera the Fighter (Gargoyle Fighter)         Turns: 8469, Time: 00:24:22

Health: -1/74      AC: 29    Str: 19    XL:     11   Next: 33%
Magic:  14/14      EV:  5    Int: 15    God:    Makhleb [**....]
Gold:   24         SH: 11    Dex: 13    Spells: 10/10 levels left

rFire    + + .     SeeInvis .   E - +4 long sword of Purpose {vamp, +Rage rF+ Dex+4}
rCold    + + .     Gourm    .   c - +0 shield
rNeg     + . .     Faith    .   Q - +0 plate armour
rPois    ∞         Spirit   .   t - +0 helmet
rElec    +         Reflect  .   K - scarf {rC+ rF+}
rCorr    .         Harm     .   (no gloves)
MR       .....                  (no boots)
Stlth    ..........             (no amulet)
HPRegen  0.22/turn              h - +4 ring of protection
MPRegen  0.14/turn              x - ring "Ramoph" {rC+ AC+2 Int+2}

@: no status effects
A: negative energy resistance 1, electricity resistance, unbreathing,
petrification resistance, rot immunity, AC +8
a: Minor Destruction, Renounce Religion, Evoke Berserk Rage


You were on level 10 of the Dungeon.
You worshipped Makhleb.
Makhleb was pleased with you.
You were not hungry.

You visited 2 branches of the dungeon, and saw 11 of its levels.

You collected 540 gold pieces.
You spent 516 gold pieces at shops.

Inventory:

Hand Weapons
 a - a +0 war axe
 E - the +4 long sword of Purpose (weapon) {vamp, +Rage rF+ Dex+4}
   (You took it off an orc on level 6 of the Dungeon)

   It inflicts no extra harm, but heals its wielder when it wounds a living foe.
   It affects your dexterity (+4).
   It protects you from fire.
   It lets you go berserk.
Missiles
 g - 104 bolts
 m - 66 sling bullets
 q - 11 tomahawks (quivered)
 v - 156 arrows
Armour
 c - a +0 shield (worn)
 t - a +0 helmet (worn)
 K - a scarf of resistance (worn)
 Q - a +0 plate armour (worn)
Jewellery
 h - a +4 ring of protection (left hand)
 x - the ring "Ramoph" (right hand) {rC+ AC+2 Int+2}
   (You bought it in a shop on level 10 of the Dungeon)

   [ring of protection]

   It affects your AC (+2).
   It affects your intelligence (+2).
   It protects you from cold.
Wands
 r - a wand of polymorph (21)
 B - a wand of disintegration (67)
 F - a wand of digging (4)
 G - a wand of iceblast (4)
 M - a wand of enslavement (11)
 P - a wand of paralysis (5)
Scrolls
 d - 2 scrolls of immolation
 e - a scroll of holy word {unknown}
 i - a scroll of teleportation
 k - a scroll of fog {unknown}
 n - 2 scrolls of magic mapping
 o - 2 scrolls of amnesia
 s - 3 scrolls of remove curse
 y - a scroll of enchant armour {unknown}
 O - a scroll of enchant weapon {unknown}
Potions
 b - a potion of mutation
 l - 2 potions of curing
 p - 2 potions of agility
 u - a potion of lignification {unknown}
 w - a potion of flight
 z - a potion of haste
 A - a potion of might
 C - 2 potions of heal wounds
 H - a potion of berserk rage {unknown}
Comestibles
 f - 21 rations
 j - 6 chunks of flesh


   Skills:
 + Level 11.0 Fighting
 * Level 8.9 Long Blades
 - Level 1.7 Axes
 - Level 8.2 Armour
 - Level 8.3 Shields
 + Level 4.4 Invocations


You had 10 spell levels left.
You didn't know any spells.
Your spell library contained the following spells:

 Spells                   Type           Power        Failure   Level  Hunger
 Corona                   Hex            #......      100%        1    ##.....
 Summon Small Mammal      Summ           #...         100%        1    ##.....
 Call Imp                 Summ           #.......     100%        2    ###....
 Slow                     Hex            #.......     100%        2    ###....
 Call Canine Familiar     Summ           #.......     100%        3    ####...
 Inner Flame              Hex/Fire       #.......     100%        3    ####...
 Portal Projectile        Hex/Tloc       #.....       100%        3    ####...
 Summon Guardian Golem    Hex/Summ       #.......     100%        3    ####...
 Cause Fear               Hex            #.........   100%        4    #####..
 Leda's Liquefaction      Hex/Erth       #.........   100%        4    #####..
 Summon Ice Beast         Ice/Summ       #.......     100%        4    #####..
 Summon Lightning Spire   Summ/Air       #.......     100%        4    #####..


Dungeon Overview and Level Annotations

Branches:
Dungeon (10/15)            Temple (1/1) D:7
   Lair: D:8-11         Orc: D:9-12

Altars:
Ashenzari
Cheibriados
Dithmenos
Elyvilon
Gozag
Hepliaklqana
Kikubaaqudgha
Makhleb
Nemelex Xobeh
Okawaru
Qazlal
Ru
Sif Muna
Trog
Vehumet
Wu Jian
Xom
Yredelemnul
Zin
The Shining One

Shops:
D:4 *   D:5 !   D:10 =((*

Annotations:
D:3 2 runed doors, justbritto's ghost, amateur OpTm


Innate Abilities, Weirdness & Mutations

You are resistant to torment.
Your stone body is resilient. (AC +8)
You are immune to poison.
You resist negative energy. (rN+)
You are resistant to electric shocks. (rElec)
You can survive without breathing.
You are immune to petrification.
You are immune to rotting.


Message History

You slash the very large slime creature!
The very large slime creature is lightly wounded.
The slime creature hits you but does no damage.
You slash the very large slime creature!
The very large slime creature is moderately wounded.
The slime creature hits you but does no damage.
You slash the very large slime creature!
The very large slime creature is moderately wounded.
You block the very large slime creature's attack.
The slime creature barely misses you.
You slice the very large slime creature!!
You feel better.
The very large slime creature is heavily wounded.
The very large slime creature hits you!!
You block the slime creature's attack.
You hit the very large slime creature.
The very large slime creature is heavily wounded.
The very large slime creature hits you!!!
Ouch! That really hurt!
You die...

###### ##..... ....... #......
####### #..... ......# .....
.####.### #.J### .## #...#
#.J@.##### ..# ###.# #.##.....##
8.# #.## ###.######..# .. .##
#..###...#######.### ##.# .#
##..÷........###...###.. .#####
####.........####..##.# .#
.....######...........###.##.##..
.###...................<......#..
.### ####............###......#..


You could see a very large slime creature and a slime creature.

Vanquished Creatures
  Snorg (D:10)
  A two-headed ogre (D:8)
  Pikel (D:4)
  A wolf spider zombie (D:10)
  2 trolls (D:10)
  A hornet (D:8)
  Prince Ribbit (D:9)
  A wyvern (D:9)
  9 yaks (D:10)
  A hungry ghost (D:8)
  Menkaure (D:5)
  A soldier ant (D:8)
  2 orc warriors
  2 hornet zombies
  2 ice beasts
  3 sky beasts
  A necrophage (D:6)
  4 centaurs
  4 ogres
  A phantom (D:5)
  A bullfrog (D:6)
  A wyvern skeleton (D:10)
  3 scorpions
  3 killer bees (D:10)
  3 wights (D:10)
  3 howler monkeys
  3 crimson imps
  8 orc wizards
  A bullfrog zombie (D:8)
  2 hounds
  5 orc priests
  A gnoll shaman (D:6)
  3 jellies
  2 bullfrog skeletons
  A centaur skeleton (D:8)
  3 iguanas
  6 worker ants
  2 killer bee zombies (D:8)
  A hound zombie (D:10)
  A hound skeleton (D:6)
  3 worker ant zombies
  A howler monkey zombie (D:8)
  Robin (D:4)
  6 gnolls
  2 howler monkey skeletons
  8 adders
  A river rat (D:3)
  3 shadow imps
  2 adder zombies
  3 adder skeletons
  5 worms
  5 leopard geckos
  33 orcs
  6 bats
  3 giant cockroaches
  11 goblins
  13 hobgoblins
  13 jackals
  12 kobolds
  4 quokkas
  4 ball pythons
  A frilled lizard (D:3)
  A jackal skeleton (D:7)
  2 quokka zombies
  8 rats
244 creatures vanquished.

Vanquished Creatures (others)
  A gnoll (D:6)
  An orc (D:4)
  3 jackals (D:4)
5 creatures vanquished.

Grand Total: 249 creatures vanquished

Notes
Turn   | Place    | Note
-------+----------+-------------------------------------------
     0 | D:1      | GroovyGamera the Gargoyle Fighter began the quest for the
                  | Orb.
     0 | D:1      | Reached XP level 1. HP: 14/14 MP: 1/1
   148 | D:1      | Reached XP level 2. HP: 19/19 MP: 2/2
   832 | D:2      | Reached XP level 3. HP: 24/24 MP: 3/3
   906 | D:2      | Reached skill level 4 in Fighting
   906 | D:2      | Reached XP level 4. HP: 29/29 MP: 4/4
  1033 | D:2      | Found an ornate altar of the Wu Jian Council.
  1494 | D:3      | Reached XP level 5. HP: 2/34 MP: 5/5
  1771 | D:3      | Found a large runed door.
  1771 | D:3      | Found a large runed door.
  1777 | D:3      | Noticed justbritto's ghost (amateur OpTm)
  2510 | D:3      | Reached XP level 6. HP: 21/40 MP: 6/6
  2762 | D:4      | Noticed a slave
  2762 | D:4      | Noticed a slave
  2762 | D:4      | Noticed Pikel
  2778 | D:4      | Noticed a slave
  2785 | D:4      | Killed Pikel
  2785 | D:4      | Reached skill level 6 in Fighting
  2785 | D:4      | Reached XP level 7. HP: 34/46 MP: 7/7
  2874 | D:4      | Found Numemuwk's General Store.
  2879 | D:4      | Noticed Robin
  2906 | D:4      | Killed Robin
  3652 | D:5      | Entered Level 5 of the Dungeon
  3900 | D:5      | Reached XP level 8. HP: 47/52 MP: 8/8
  4107 | D:5      | Found Baoxaihe's Distillery.
  4110 | D:5      | Bought a potion of heal wounds for 65 gold pieces
  4134 | D:5      | Reached skill level 7 in Fighting
  4304 | D:5      | Noticed Menkaure
  4314 | D:5      | Killed Menkaure
  4412 | D:5      | Found a shadowy altar of Dithmenos.
  4622 | D:6      | Found a stormy altar of Qazlal.
  4698 | D:5      | Reached XP level 9. HP: 54/59 MP: 9/9
  4743 | D:6      | Reached skill level 8 in Fighting
  4936 | D:6      | Identified the +4 long sword of Purpose {vamp, +Rage rF+
                  | Dex+4}
  5108 | D:6      | Reached skill level 1 in Long Blades
  5572 | D:7      | Found a shadowy altar of Dithmenos.
  5574 | D:7      | Found a shadowy altar of Dithmenos.
  5574 | D:7      | Found an iron altar of Okawaru.
  5576 | D:7      | Found a hazy altar of Hepliaklqana.
  5576 | D:7      | Found a shadowy altar of Dithmenos.
  5576 | D:7      | Found a shimmering altar of Xom.
  5798 | D:7      | Found a staircase to the Ecumenical Temple.
  5814 | Temple   | Entered the Ecumenical Temple
  5880 | Temple   | Became a worshipper of Makhleb the Destroyer
  6441 | D:8      | Noticed a hornet
  6451 | D:8      | Killed a hornet
  6451 | D:8      | Reached skill level 9 in Fighting
  6596 | D:8      | Noticed a two-headed ogre
  6612 | D:8      | Killed a two-headed ogre
  6612 | D:8      | Reached skill level 5 in Long Blades
  6612 | D:8      | Reached XP level 10. HP: 37/66 MP: 10/10
  6796 | D:8      | Reached * piety under Makhleb
  6931 | D:8      | Found a glowing silver altar of Zin.
  6934 | D:8      | Found a glowing golden altar of the Shining One.
  7188 | D:9      | Noticed Prince Ribbit
  7210 | D:9      | Killed Prince Ribbit
  7380 | D:9      | Reached skill level 10 in Fighting
  7647 | D:10     | Entered Level 10 of the Dungeon
  7715 | D:10     | Reached skill level 1 in Invocations
  7742 | D:10     | Found Veckepi's Weapon Shop.
  7758 | D:10     | Found Jacont's Weapon Shop.
  7850 | D:10     | Reached ** piety under Makhleb
  7926 | D:10     | Reached XP level 11. HP: 73/73 MP: 13/13
  7945 | D:10     | Found Sinam's Jewellery Shoppe.
  7967 | D:10     | Bought the ring "Ramoph" {rC+ AC+2 Int+2} for 451 gold
                  | pieces
  7991 | D:10     | Found Bomez's General Store.
  8123 | D:10     | Noticed Snorg
  8407 | D:10     | Killed Snorg
  8407 | D:10     | Reached skill level 11 in Fighting
  8469 | D:10     | Slain by a very large slime creature

Vault maps used:
D:1:      dpeg_arrival_stone_temple_mockup, corner_web_ring
D:2:      nicolae_overflow_crystal_walls, serial_rivers,
          chequers_serial_rivers_marsh, chequers_serial_rivers_micro_e,
          chequers_serial_rivers_micro_b, chequers_serial_rivers_small_b,
          hangedman_decor_points, lemuel_flame_loot_1
D:3:      corexii_shack_village, first_ration, portal_sewer_entry_e,
          ebering_ghost_disaster_area
D:4:      serial_shops, nicolae_shop_temple_entry_statues_fountains, uniq_pikel,
          uniq_robin
D:5:      serial_shops, nicolae_shop_behind_doors, grunt_ministairs_1,
          nicolae_dithmenos_through_a_glass_darkly, uniq_menkaure
D:6:      grunt_qazlal_clouds, hex_large, uniq_edmund
D:7:      doesnt_xom_only_xom, minmay_temple_entry_junction
D:8:      gammafunk_temple_overflow_pools, hangedman_pestilent_swarm
D:9:      uniq_prince_ribbit1
D:10:     serial_shops, shop, shop_statue, nicolae_shop_trees,
          nicolae_shop_statue_plus, uniq_snorg
Temple:   minmay_crystal_spiral_temple

Skill      XL: |  1  2  3  4  5  6  7  8  9 10 11 |
---------------+----------------------------------+-----
Armour         | 4 6 7 8 |  8.2
Fighting       | 4 6 7 9 10 11 | 11.0
Shields        | 4 6 7 8 |  8.3
Long Blades    | 5 8 |  8.9
Invocations    | 3 4 |  4.4
Axes           | |  1.7

Action                   |  1- 3 |  4- 6 |  7- 9 | 10-12 || total
-------------------------+-------+-------+-------+-------++-------
Melee: War axe           |    76 |   211 |   369 |       ||   656
       Unarmed           |       |       |     6 |       ||     6
       Long sword        |       |       |   160 |   396 ||   556
Throw: Tomahawk          |       |       |     5 |       ||     5
  Use: Potion            |       |     1 |       |     3 ||     4
       Scroll            |       |     4 |     6 |     7 ||    17
  Eat: Chunk             |       |     7 |    11 |    10 ||    28
       Ration            |       |       |     2 |       ||     2
Armor: Scale mail        |    48 |   122 |    13 |       ||   183
       Chain mail        |       |       |   399 |    73 ||   472
       Skin              |       |       |     1 |       ||     1
       Plate armour      |       |       |       |   221 ||   221
Dodge: Dodged            |    27 |    62 |   153 |   100 ||   342
Block: Shield            |    57 |   135 |   364 |   249 ||   805
       Rpst.: Long sword |       |       |    12 |    26 ||    38

Table legend:
 A = Non-vault XP
 B = Vault XP
 C = Vault XP percentage of total XP
 D = Non-vault monster count
 E = Vault monster count
 F = Vault count percentage of total count
                 A         B        C        D         E       F
            +---------+---------+-------+---------+---------+-------
      Total |    9542 |    2717 |  22.2 |     207 |      37 |  15.2
            +---------+---------+-------+---------+---------+-------
        D:1 |      18 |       0 |   0.0 |       9 |       0 |   0.0
        D:2 |      72 |       0 |   0.0 |      15 |       0 |   0.0
        D:3 |     208 |      38 |  15.4 |      28 |      18 |  39.1
        D:4 |      28 |     662 |  95.9 |       3 |      11 |  78.6
        D:5 |     988 |     178 |  15.3 |      32 |       2 |   5.9
        D:6 |     994 |       0 |   0.0 |      26 |       0 |   0.0
        D:7 |     121 |       0 |   0.0 |       6 |       0 |   0.0
        D:8 |    2093 |     472 |  18.4 |      31 |       4 |  11.4
        D:9 |     743 |     277 |  27.2 |      15 |       1 |   6.2
       D:10 |    4277 |    1090 |  20.3 |      42 |       1 |   2.3
            +---------+---------+-------+---------+---------+-------
